 Dungeon Crawl Stone Soup version 0.29.0-4-gdea44cf6ec (webtiles) character file.

Game seed: 7657935437119749999

42 Destructed3 the Ducker (level 3, 0/31 HPs)
             Began as a Gnoll Wanderer on Aug 27, 2022.
             Was a Follower of Hepliaklqana.
             Slain by a gnoll
             ... wielding a +0 flail
              (10 damage)
             ... on level 2 of the Dungeon.
             The game lasted 00:02:21 (1269 turns).

Destructed3 the Ducker (Gnoll Wanderer)             Turns: 1269, Time: 00:02:21

Health: 0/31       AC:  5    Str: 11    XL:     3   Next: 54%
Magic:  7/7        EV: 14    Int: 10    God:    Hepliaklqana [*.....]
Gold:   64         SH:  0    Dex: 14    Spells: 6/7 levels left

rFire   . . .      SeeInvis .   a - +0 dagger
rCold   . . .      Faith    .   (no shield)
rNeg    . . .      Spirit   .   d - +2 leather armour
rPois   .          Reflect  .   (no helmet)
rElec   .          Harm     .   (no cloak)
rCorr   .          Rampage  .   (no gloves)
Will    .....                   (no boots)
Stlth   +.........              (no amulet)
HPRegen 0.10/turn               (no ring)
MPRegen 0.10/turn               (no ring)

@: no status effects
A: reduced essence, fangs 1, strong nose, distributed training
a: Renounce Religion, Recall Ancestor, Ancestor Identity


You were on level 2 of the Dungeon.
You worshipped Hepliaklqana.
Hepliaklqana was aware of your devotion.
You visited 1 branch of the dungeon, and saw 2 of its levels.

You collected 64 gold pieces.

Inventory:

Hand Weapons
 a - a +0 dagger (weapon)
Armour
 d - a +2 leather armour (worn)
Jewellery
 e - a +4 ring of protection
 g - a +4 ring of evasion
Scrolls
 c - 2 scrolls of teleportation
 f - a scroll of summoning {unknown}
Potions
 b - 2 potions of lignification
 h - a potion of resistance {unknown}
 i - a potion of might {unknown}


   Skills:
 + Level 6.5 Fighting
 + Level 0.9 Short Blades
 + Level 0.9 Long Blades
 + Level 0.9 Axes
 + Level 0.9 Maces & Flails
 + Level 0.9 Polearms
 + Level 0.9 Staves
 + Level 0.9 Ranged Weapons
 + Level 0.9 Throwing
 + Level 0.9 Armour
 + Level 6.5 Dodging
 + Level 0.9 Stealth
 + Level 0.9 Shields
 + Level 0.9 Unarmed Combat
 + Level 2.8 Spellcasting
 + Level 0.6 Conjurations
 + Level 3.8 Hexes
 + Level 0.6 Summonings
 + Level 0.6 Necromancy
 + Level 0.6 Translocations
 + Level 0.6 Transmutations
 + Level 0.6 Fire Magic
 + Level 0.6 Ice Magic
 + Level 0.6 Air Magic
 + Level 0.6 Earth Magic
 + Level 0.6 Poison Magic
 + Level 2.7 Invocations
 + Level 0.9 Evocations


You had 6 spell levels left.
You knew the following spells:

 Your Spells              Type           Power      Damage    Failure   Level
a - Slow                  Hex            36%        N/A       8%          1

Your spell library contained the following spells:

 Spells                   Type           Power      Damage    Failure   Level
 Dazzling Flash           Conj/Hex       10%        N/A       41%         3


Dungeon Overview and Level Annotations

Branches:
Dungeon (2/15)

Altars:
Hepliaklqana


Innate Abilities, Weirdness & Mutations

Your life essence is reduced to manifest your ancestor. (-10% HP)
You have very sharp teeth.
Your uncanny sense of smell can sniff out nearby items.
Your experience applies equally to all skills.


Message History

Found an escape hatch in the floor.
The bat hits you but does no damage. The bat misses you.
Servius closely misses the bat.
The bat hits you but does no damage.
Servius hits the bat.
The bat hits Servius.
Servius hits the bat.
The bat dies! 2 gnolls come into view.
Found a stone staircase leading down.
The gnoll shouts! x2
Found a scroll labelled DEFRUC BOUWAC.
The gnoll hits you with a +0 flail.
You hit the gnoll but do no damage.
A kobold comes into view. It is wielding a +0 whip.
The gnoll hits you but does no damage.
You hit the gnoll but do no damage. The gnoll hits you with a +0 flail!
You hit the gnoll but do no damage. The gnoll barely misses you.
You barely miss the gnoll. You hit the gnoll but do no damage.
The gnoll misses you.
You hit the gnoll but do no damage. The gnoll barely misses you.
You hit the gnoll. You punch the gnoll.
The gnoll is moderately wounded.
The gnoll hits you but does no damage.
You hit the gnoll but do no damage.
The gnoll is moderately wounded.
The gnoll barely misses you.
You hit the gnoll but do no damage.
The gnoll is moderately wounded.
The gnoll hits you with a +0 flail.
You hit the gnoll.
The gnoll is heavily wounded.
The gnoll barely misses you.
You hit the gnoll but do no damage.
The gnoll is heavily wounded.
The gnoll closely misses you.
You closely miss the gnoll.
The gnoll is heavily wounded.
The gnoll hits you with a +0 flail.
You hit the gnoll but do no damage. You bite the gnoll, but do no damage.
The gnoll is heavily wounded.
The gnoll hits you with a +0 flail!
You die...

∆ ##...........### #
#......##.>..... #.
#..###.##.##.### ###?#
#.)# #.##.##.# # #.....
#..# #.##.##.# #
#.....###..###.##.##.###
#.......................
....>#R#..###...<......
>.. #@#..# #######.### #
#g#..# #.# #g#... ..#
.K..### #### ..### ####


You could see the friendly Servius the ancestor, 2 gnolls and a kobold.

Vanquished Creatures
  A worm (D:2)
  A dart slug (D:1)
  2 ball pythons (D:1)
  An endoplasm (D:1)
  2 giant cockroaches (D:1)
  A goblin (D:1)
  3 hobgoblins (D:1)
  3 kobolds (D:1)
  3 frilled lizards (D:1)
  A rat (D:1)
18 creatures vanquished.

Vanquished Creatures (collateral kills)
  A gnoll (D:2)
  A dart slug (D:1)
  A bat (D:2)
  A hobgoblin (D:1)
  A quokka (D:1)
5 creatures vanquished.

Grand Total: 23 creatures vanquished

Notes
Turn   | Place    | Note
-------+----------+-------------------------------------------
     0 | D:1      | Destructed3 the Gnoll Wanderer began the quest for the Orb.
     0 | D:1      | Destructed3 set off with the following items: a +0 dagger,
                  | a potion of lignification, a scroll of teleportation, a +2
                  | leather armour; and the following spell memorised: Slow;
                  | and the following spells available to memorise: Dazzling
                  | Flash.
     0 | D:1      | Reached XP level 1. HP: 23/23 MP: 4/4
   201 | D:1      | Reached XP level 2. HP: 27/29 MP: 5/5
   495 | D:1      | Found a faded altar of an unknown god.
   505 | D:1      | Prayed at the altar of an unknown god.
   505 | D:1      | Became a worshipper of Hepliaklqana the Forgotten
   505 | D:1      | Reached * piety under Hepliaklqana
   746 | D:1      | Reached XP level 3. HP: 31/31 MP: 7/7
  1269 | D:2      | Slain by a gnoll

Illustrated notes

Levels and vault maps discovered:
D:1:      nagdon_arrival_zigzag_paths, layout_basic,
          chequers_ecumenical_altar_lobes, minmay_liquid_box
D:2:      layout_loops_ring

Action                   || total
-------------------------++-------
Melee: Dagger            ||   116
       Bite              ||    10
       Punch             ||     2
Armor: Leather armour    ||    22
Dodge: Dodged            ||    93
